 Dungeon Sprint DCSS version 0.19-a0-139-gefc6d61 (webtiles) character file.

154 Kidiri the Sneak (level 5, -4/26 HPs)
             Began as a Spriggan Enchanter on May 17, 2016.
             Slain by a shadow (11 damage)
             ... in the Dungeon (Sprint III: "The Ten Rune Challenge").
             The game lasted 00:02:31 (523 turns).

Kidiri the Sneak (Spriggan Enchanter)                Turns: 523, Time: 00:02:32

Health: -4/26      AC:  4    Str:  4    XL:     5   Next: 13%
Magic:  1/14       EV: 21    Int: 17    God:
Gold:   21         SH:  0    Dex: 15    Spells: 5 memorised, 3 levels left

rFire  . . .     SeeInvis +     a - +1 dagger
rCold  . . .     Gourm    .     b - +1 robe
rNeg   . . .     Faith    .     (shield restricted)
rPois  .         Spirit   .     (helmet restricted)
rElec  .         Dismiss  .     (no cloak)
rCorr  .         Reflect  .     (gloves unavailable)
SustAt .         Harm     .     (boots unavailable)
MR     .....     NoTele   +     (no amulet)
Stlth  ++++......               (no ring)
                                (no ring)

@: very quick, not resistant to hostile enchantments, stealthy
A: unfitting armour, rugged brown scales 1, see invisible, clumsy 1, herbivore
3, speed 3, slow metabolism 2, sturdy frame 1
a: no special abilities


You were in the Dungeon.
You were not hungry.

You visited 1 branch You collected 21 gold pieces.

Inventory:

Hand Weapons
 a - a +1 dagger (weapon)
Armour
 b - a +1 robe (worn)
Scrolls
 j - a scroll of blinking
 l - 2 scrolls of torment
 n - 4 scrolls of remove curse
Potions
 e - 2 potions of curing
 f - a potion of heal wounds
 g - a potion of haste
 h - a potion of magic
 p - a potion of might
 q - 2 potions of flight
Books
 c - a book of Maledictions

   Spells                             Type                      Level
   a - Corona                         Hexes                        1
   b - Ensorcelled Hibernation        Hexes/Ice                    2
   c - Confuse                        Hexes                        3
   d - Tukima's Dance                 Hexes                        3
   e - Dazzling Spray                 Conjuration/Hexes            3
Comestibles
 d - a bread ration
 o - a royal jelly


   Skills:
 + Level 2.2 Fighting
 * Level 4.4 Short Blades
 + Level 1.8 Armour
 * Level 6.5 Dodging
 * Level 7.9 Stealth
 * Level 5.7 Spellcasting
 + Level 1.3 Conjurations
 + Level 5.0 Hexes
 + Level 1.6 Ice Magic


You had 3 spell levels left.
You knew the following spells:

 Your Spells              Type           Power        Failure   Level  Hunger
a - Corona                Hex            ###....      1%          1    None
b - Ensorcelled Hibernat  Hex/Ice        ###...       6%          2    #......
c - Confuse               Hex            ###.....     8%          3    ##.....
d - Tukima's Dance        Hex            ###.....     8%          3    ##.....
e - Dazzling Spray        Conj/Hex       ###...       12%         3    ##.....


Dungeon Overview and Level Annotations

Branches:
Dungeon (1/1)

Altars:


Innate Abilities, Weirdness & Mutations

You are tiny and cannot use many weapons and most armour.
You have supernaturally acute eyesight.
You are a herbivore.
You cover ground extremely quickly.
You need consume almost no food.
You are partially covered in rugged brown scales (AC +1, +3% HP).
You are clumsy. (Dex -2)
Your movements are slightly less encumbered by armour (ER -2).


Message History

The shadow is heavily damaged.
The shadow stops glowing.
The shadow misses you.
You hit the shadow but do no damage.
The shadow is heavily damaged.
The shadow hits you.
You hit the shadow but do no damage.
The shadow is heavily damaged.
Casting: Corona
Confirm with . or Enter, or press ? or * to list all spells.
Aiming: Corona
Press: ? - help, Shift-Dir - straight line, f/p - shadow
Aim: a shadow (heavily damaged, chance to defeat MR: 42%)
The shadow resists with significant effort.
The shadow hits you!
* * * LOW HITPOINT WARNING * * *
Your magical contamination has completely faded away.
You hit the shadow but do no damage.
The shadow is heavily damaged.
The shadow hits you!
You die...

▓▓▓▓▓▓▓▓▓ ▓▓▓ .#..+...♣♣ ♣.#
.#%.#....♣ ♣.# '####....♣♣
♣♣.#
....#.%..≈♣♣♣♣..###+#+###+##
....#...≈≈.♣.♣..#..........#
...(#..≈≈≈≈.♣...@W⌠........#
###'#..≈≈≈≈≈≈...#...######'#
....#.≈≈≈≈≈≈....#.⌠.# #...#
..[.#.≈≈≈≈≈.....#...# #...#
....#.≈≈≈.......#+### #...#
#####...........# #..%+
................# +..J#
▓▓▓▓▓▓▓▓▓▓▓▓▓▓▓▓▓ ▓▓▓▓▓


You could see a shadow.

Vanquished Creatures
  A water elemental (D)
  A scorpion (D)
  Jessica (D)
  A human (D)
  An ooze (D)
  2 rats (D)
7 creatures vanquished.

Vanquished Creatures (others)
  2 draconian scorchers (D)
  6 hellions (D)
  A yaktaur (D)
  3 plants (D)
12 creatures vanquished.

Grand Total: 19 creatures vanquished

Notes
Turn   | Place    | Note
--------------------------------------------------------------
     0 | D        | Kidiri the Spriggan Enchanter began the quest for the Orb.
     0 | D        | Reached XP level 1. HP: 9/9 MP: 5/5
    41 | D        | Noticed Jessica
    43 | D        | Killed Jessica
    43 | D        | Reached skill level 1 in Fighting
    43 | D        | Reached skill level 1 in Armour
    43 | D        | Reached skill level 6 in Stealth
    43 | D        | Reached XP level 2. HP: 14/14 MP: 6/8
    43 | D        | Reached XP level 3. HP: 18/18 MP: 6/9
    49 | D        | Learned a level 2 spell: Ensorcelled Hibernation
    53 | D        | Learned a level 3 spell: Confuse
    57 | D        | Learned a level 3 spell: Dazzling Spray
    96 | D        | Reached skill level 5 in Dodging
   101 | D        | Killed a hellion
   101 | D        | Killed a hellion
   102 | D        | Killed a hellion
   102 | D        | Killed a hellion
   176 | D        | Killed a white draconian scorcher
   181 | D        | Killed a white draconian scorcher
   238 | D        | Killed a hellion
   239 | D        | Killed a yaktaur
   254 | D        | Noticed a scorpion
   260 | D        | Killed a scorpion
   260 | D        | Reached skill level 7 in Stealth
   260 | D        | Reached skill level 5 in Spellcasting
   260 | D        | Reached skill level 1 in Conjurations
   260 | D        | Reached skill level 1 in Ice Magic
   260 | D        | Reached XP level 4. HP: 23/23 MP: 8/12
   267 | D        | Learned a level 3 spell: Tukima's Dance
   284 | D        | Gained mutation: Your body sometimes deteriorates upon taking damage. [potion of mutation]
   284 | D        | Gained mutation: You are partially covered in rugged brown scales (AC +1, +3% HP). [potion of mutation]
   284 | D        | Gained mutation: You are clumsy. (Dex -2) [potion of mutation]
   285 | D        | Gained mutation: You occasionally shout uncontrollably at your foes. [potion of mutation]
   285 | D        | Gained mutation: You evolve. [potion of mutation]
   285 | D        | Gained mutation: Your movements are slightly less encumbered by armour (ER -2). [potion of mutation]
   286 | D        | Lost mutation: Your body sometimes deteriorates upon taking damage. [potion of cure mutation]
   286 | D        | Lost mutation: You evolve. [potion of cure mutation]
   286 | D        | Lost mutation: You occasionally shout uncontrollably at your foes. [potion of cure mutation]
   312 | D        | Noticed a water elemental
   323 | D        | Killed a hellion
   336 | D        | Killed a water elemental
   336 | D        | Reached skill level 5 in Hexes
   336 | D        | Reached XP level 5. HP: 21/26 MP: 1/14
   471 | D        | Noticed a shadow
   523 | D        | Slain by a shadow

Vault maps used:
D:        dungeon_sprint_mu

Skill      XL: |  1  2  3  4 |
---------------+-------------+-----
Spellcasting   | 4 5 |  5.7
Fighting       | 1 2 |  2.2
Short Blades   | 2 3 4 |  4.4
Armour         | 1 |  1.8
Dodging        | 4 5 6 |  6.5
Stealth        | 6 7 |  7.9
Hexes          | 4 5 |  5.0
Conjurations   | 1 |  1.3
Ice Magic      | 1 |  1.6

Action                   |  1- 3 |  4- 6 || total
-------------------------+-------+-------++-------
Melee: Dagger            |     7 |    32 ||    39
 Cast: Ensorcelled Hiber |     2 |       ||     2
       Corona            |     1 |     2 ||     3
       Dazzling Spray    |       |    13 ||    13
  Use: Potion            |       |     5 ||     5
       Scroll            |       |     3 ||     3
 Stab: Sleeping          |     6 |       ||     6
Armor: Robe              |       |     3 ||     3
Dodge: Dodged            |       |    20 ||    20
